 Dungeon Crawl Stone Soup version 0.30-a0-946-gec5dcfc036 (webtiles) character file.

Game seed: 10659828433014266118

179 Armakuni the Charlatan (level 5, -8/41 HPs)
             Began as a Human Artificer on Mar 26, 2023.
             Mangled by Menkaure (20 damage)
             ... on level 4 of the Dungeon.
             The game lasted 00:07:38 (3006 turns).

Armakuni the Charlatan (Human Artificer)            Turns: 3006, Time: 00:07:38

Health: -8/41      AC:  8    Str: 14    XL:     5   Next: 90%
Magic:  5/5        EV: 10    Int: 12    God:
Gold:   170        SH:  0    Dex: 13    Spells: 4/4 levels left

rFire   . . .      SeeInvis .    a - +1 short sword (venom)
rCold   . . .      Faith    .    (no shield)
rNeg    . . .      Spirit   .    d - +1 ring mail
rPois   +          Reflect  .    (no helmet)
rElec   .          Rampage  .    l - +0 cloak
rCorr   .                        (no gloves)
Will    +....                    q - +0 pair of boots
Stlth   +                        (no amulet)
HPRegen 0.26/turn                W - ring of willpower
MPRegen 0.09/turn                P - ring of poison resistance

@: no status effects
A: no striking features
a: no special abilities


You were on level 4 of the Dungeon.
You visited 1 branch of the dungeon, and saw 4 of its levels.

You collected 222 gold pieces.
You spent 52 gold pieces at shops.

Inventory:

Hand Weapons
 a - a +1 short sword of venom (weapon)
 n - a +0 mace
 o - a +0 long sword
Missiles
 f - 8 boomerangs
Armour
 d - a +1 ring mail (worn)
 l - a +0 cloak (worn)
 q - a +0 pair of boots (worn)
Jewellery
 P - a ring of poison resistance (right hand)
 W - a ring of willpower (left hand)
Wands
 c - a wand of charming (14)
 j - a wand of iceblast (3)
 p - a wand of paralysis (9)
Scrolls
 b - 2 scrolls of enchant weapon
 g - 2 scrolls of magic mapping
 h - a scroll of noise
 i - a scroll of teleportation
 k - a scroll of fog
 u - a scroll of identify
Potions
 e - a potion of haste
 m - 4 potions of curing
 r - 2 potions of invisibility
 s - a potion of heal wounds {unknown}
 t - a potion of attraction {unknown}


   Skills:
 + Level 3.2 Fighting
 - Level 3.0 Maces & Flails
 - Level 2.0 Armour
 - Level 1.0 Dodging
 - Level 1.0 Stealth
 - Level 4.0 Evocations


You had 4 spell levels left.
You didn't know any spells.
Your spell library contained the following spells:

 Spells                   Type           Power      Damage    Failure   Level
 Foxfire                  Conj/Fire      0%         2x1d4     54%         1
 Fireball                 Conj/Fire      0%         3d3       100%        5
 Starburst                Conj/Fire      0%         6d3       100%        6


Dungeon Overview and Level Annotations

Branches:
Dungeon (4/15)
 Temple: D:4-7

Altars:
Fedhas
Makhleb
Xom
The Shining One

Shops:
D:2 *

Annotations:
D:4 Menkaure


Message History

Adjust (i)tems, (s)pells, or (a)bilities?
q - a wand of paralysis (11) Adjust to which letter? (? for menu, Esc to quit)
p - a wand of paralysis (11);
q - a +0 pair of boots (worn)
Aiming: Paralyse
Press: ? - help, Shift-Dir - straight line, f - Menkaure
Aim: Menkaure (chance to affect: 59%) Menkaure suddenly stops moving!
You see here 8 gold pieces.
You now have 170 gold pieces (gained 8).
The helpless Menkaure fails to defend himself.
You hit Menkaure but do no damage.
The helpless Menkaure fails to defend himself.
You hit Menkaure.
Menkaure is lightly damaged.
The helpless Menkaure fails to defend himself.
You hit Menkaure but do no damage.
Menkaure is lightly damaged.
The helpless Menkaure fails to defend himself.
You hit Menkaure.
Menkaure is moderately damaged.
The helpless Menkaure fails to defend himself.
You hit Menkaure.
Menkaure is heavily damaged.
The helpless Menkaure fails to defend himself.
You hit Menkaure.
Menkaure is heavily damaged.
Menkaure is no longer paralysed.
Menkaure hits you!
You barely miss Menkaure.
Menkaure is heavily damaged.
You hit Menkaure.
Menkaure is heavily damaged.
Menkaure hits you!
* * * LOW HITPOINT WARNING * * *
Aiming: Paralyse
Press: ? - help, Shift-Dir - straight line, f/p - Menkaure
Aim: Menkaure (heavily damaged, chance to affect: 59%) Menkaure resists with significant effort.
Menkaure hits you!!
You die...

# .. #.#.# ##+## ###.#.#
##...## .....# ##.....##
#.#.## ##....[..##
#....####.........###
####...M...+.......>.'..
#......@# #.........#..
##.##.#.###
##.......##.#
#.........# ##.....###.#
#..##.#.#.# ##...## #.#
#..#..#.#.# ##'## #.#
#.........# #.# #).
##.#.##.### ###.## ###
#.#.##.# #....#
#......#######....######


You could see Menkaure.

Vanquished Creatures
  A scorpion (D:2)
  5 adders
  4 dart slugs
  5 orcs (D:3)
  4 ball pythons
  6 bats
  An endoplasm (D:1)
  5 giant cockroaches
  4 goblins
  7 hobgoblins
  4 jackals (D:2)
  2 quokkas
  3 frilled lizards
  5 kobolds
  9 rats
65 creatures vanquished.

Vanquished Creatures (others)
  9 fungi (D:4)
9 creatures vanquished.

Grand Total: 74 creatures vanquished

Notes
Turn   | Place    | Note
-------+----------+-------------------------------------------
     0 | D:1      | Armakuni the Human Artificer began the quest for the Orb.
     0 | D:1      | Reached XP level 1. HP: 15/15 MP: 1/1
    79 | D:1      | Reached skill level 1 in Maces & Flails
    79 | D:1      | Reached XP level 2. HP: 21/21 MP: 2/2
   573 | D:1      | Reached XP level 3. HP: 27/27 MP: 3/3
  1104 | D:2      | Found Tuklefru's Assorted Antiques.
  1115 | D:2      | Bought a scroll labelled YSUUSIKKOBB for 26 gold pieces
  1115 | D:2      | Bought a scroll labelled BUBE VIOPSAI for 26 gold pieces
  1196 | D:2      | Noticed a scorpion
  1201 | D:2      | Killed a scorpion
  1202 | D:2      | Reached XP level 4. HP: 26/35 MP: 4/4
  1218 | D:2      | Reached XP level 5. HP: 34/41 MP: 5/5
  2292 | D:3      | Reached skill level 4 in Evocations
  2510 | D:3      | Found a shimmering altar of Xom.
  2511 | D:3      | Found a glowing golden altar of the Shining One.
  2514 | D:3      | Found a burning altar of Makhleb.
  2688 | D:3      | Found a blossoming altar of Fedhas.
  2989 | D:4      | Noticed Menkaure
  3006 | D:4      | Mangled by Menkaure

Illustrated notes

Levels and vault maps discovered:
D:1:      spicycebolla_arrival_xxxplode, layout_basic, kennysheep_boxes
D:2:      layout_loops_ring, serial_shops, nicolae_shop_overgrown_old_shop
D:3:      layout_loops_corners, mainiacjoe_overflow_small_starburst, minitemple,
          minmay_vboxes
D:4:      layout_loops_corners, mainiacjoe_overflow_alcove_4,
          nicolae_qazlal_eye_of_the_storm, supply_closet_lemuel, kennysheep_nub,
          uniq_menkaure, uniq_crazy_yiuf_cottage

Skill      XL: |  1  2  3  4  5 |
---------------+----------------+-----
Maces & Flails | 1 2 3 |  3.0
Fighting       | 2 3 |  3.2
Evocations     | 4 |  4.0
Armour         | |  2.0
Dodging        | |  1.0
Stealth        | |  1.0

Action                     |  1- 3 |  4- 6 || total
---------------------------+-------+-------++-------
  Melee: Club              |   103 |     1 ||   104
         Punch             |     1 |       ||     1
         Mace              |       |    85 ||    85
         Short sword       |       |    58 ||    58
  Evoke: Wand              |    14 |     6 ||    20
    Use: Scroll            |     5 |     5 ||    10
         Potion            |       |     1 ||     1
   Stab: Paralysed         |       |     6 ||     6
 Armour: Leather armour    |    41 |       ||    41
         Ring mail         |     4 |    67 ||    71
  Dodge: Dodged            |    83 |    70 ||   153

Table legend: (Time is in decaauts)
 A = Elapsed time spent in this place.
 B = Non-inter-level travel time spent in this place.
 C = Inter-level travel time spent in this place.
 D = Time resting spent in this place.
 E = Time spent auto-exploring this place.
 F = Levels seen in this place.
 G = Mean time per level.
                   A        B        C        D        E       F      G
               +--------+--------+--------+--------+--------+-----+--------+
         Total |   3028 |   2971 |     57 |    148 |   2093 |   4 |  757.0 |
       Dungeon |   3028 |   2971 |     57 |    148 |   2093 |   4 |  757.0 |
               +--------+--------+--------+--------+--------+-----+--------+

Top non-repeatable levels by time:
     D:1: 1051 daAuts
     D:3: 1030 daAuts
     D:2: 836 daAuts
     D:4: 110 daAuts
